 Dungeon Crawl Stone Soup version 0.24-a0-416-g56ce5178b7 (webtiles) character file.

Game seed: 11040849283244794154

807 HAL9000 the Changer (level 7, -3/52 HPs)
             Began as a White Draconian Transmuter on June 9, 2019.
             Splashed by a jelly's acid (11 damage)
             ... on level 5 of the Dungeon.
             The game lasted 00:06:48 (5082 turns).

HAL9000 the Changer (White Draconian Transmuter)    Turns: 5082, Time: 00:06:48

Health: -3/52      AC: -6    Str: 13    XL:     7   Next: 60%
Magic:  10/10      EV: 12    Int: 14    God:
Gold:   295        SH:  0    Dex: 12    Spells: 4/10 levels left

rFire    . . .     SeeInvis .     - Unarmed
rCold    + . .     Gourm    .   (no shield)
rNeg     . . .     Faith    .   (armour unavailable)
rPois    .         Spirit   .   (helmet restricted)
rElec    .         Reflect  .   (no cloak)
rCorr    .         Harm     .   (no gloves)
MR       +....                  (no boots)
Stlth    +.........             (no amulet)
HPRegen  0.17/turn              g - ring of protection from magic
MPRegen  0.12/turn              (no ring)

@: corroded
A: breathe frost, unfitting armour, cold resistance 1, cold-blooded, AC +6
a: Breathe Frost


You were on level 5 of the Dungeon.
You were not hungry.

You visited 1 branch of the dungeon, and saw 5 of its levels.

You collected 295 gold pieces.

Inventory:

Hand Weapons
 p - a +0 morningstar
Missiles
 a - 23 arrows
Jewellery
 g - a ring of protection from magic (left hand)
 v - an uncursed ring of protection from cold {unknown}
Wands
 u - a wand of iceblast (8)
 w - a wand of paralysis (7)
Scrolls
 e - 2 scrolls of enchant armour
 f - a scroll of blinking
 j - a scroll of immolation {unknown}
 m - a scroll of teleportation {unknown}
 n - a scroll of amnesia {unknown}
 q - 3 scrolls of remove curse
 s - a scroll of identify
Potions
 b - a potion of heal wounds {unknown}
 d - 2 potions of flight {unknown}
 h - a potion of ambrosia {unknown}
 i - 4 potions of lignification {unknown}
 k - a potion of brilliance {unknown}
 l - 2 potions of resistance {unknown}
 o - a potion of mutation {unknown}
 r - a potion of cancellation {unknown}
 t - a potion of curing {unknown}
Comestibles
 c - 6 rations
 x - a chunk of flesh


   Skills:
 - Level 1.1 Fighting
 - Level 1.7 Dodging
 - Level 5.0 Unarmed Combat
 - Level 2.0 Spellcasting
 + Level 7.8 Transmutations


You had 4 spell levels left.
You knew the following spells:

 Your Spells              Type           Power        Failure   Level  Hunger
a - Beastly Appendage     Tmut           ###...       1%          1    ##.....
b - Sticks to Snakes      Tmut           ###.....     1%          2    ###....
c - Spider Form           Tmut/Pois      ##........   14%         3    ####...

Your spell library contained the following spells:

 Spells                   Type           Power        Failure   Level  Hunger
 Confusing Touch          Hex            #.....       24%         1    ##.....
 Ice Form                 Ice/Tmut       ##......     43%         4    #####..
 Petrify                  Tmut/Erth      ##......     43%         4    #####..
 Confuse                  Hex            #.......     56%         3    ####...
 Gell's Gravitas          Tloc           #.........   56%         3    ####...
 Blade Hands              Tmut           ###.......   26%         5    ######.
 Yara's Violent Unravell  Hex/Tmut       ##........   78%         5    ######.
 Metabolic Englaciation   Hex/Ice        #.........   100%        5    ######.


Dungeon Overview and Level Annotations

Branches:
Dungeon (5/15)
 Temple: D:4-7

Altars:
Fedhas
Okawaru

Annotations:
D:3 1 runed translucent door, alpinistek's ghost, weakling DsFE


Innate Abilities, Weirdness & Mutations

You can breathe waves of freezing cold.
You can buffet flying creatures when you breathe cold.
Your icy white scales are hard. (AC +6)
You cannot fit into any form of body armour.
Your flesh is cold resistant. (rC+)
You are cold-blooded and may be slowed by cold attacks.


Message History

You tail-slap the jelly, but do no damage.
The jelly is severely wounded.
The jelly barely misses you.
You hit the jelly but do no damage.
Your hands burn!
Your tail-slap misses the jelly.
The jelly is severely wounded.
The jelly hits you.
You are splashed with acid!
You hit the jelly.
Your hands burn!
The jelly is almost dead.
The jelly hits you. The acid corrodes you!
You are splashed with acid!
* * * LOW HITPOINT WARNING * * *
You are too injured to fight recklessly!
Unknown command.
You hit the jelly. The acid corrodes you!
Your hands burn!
* * * LOW HITPOINT WARNING * * *
The jelly is almost dead.
The jelly hits you.
* * * LOW HITPOINT WARNING * * *
The acid corrodes you!
You are splashed with acid!
You die...

##..# #.........##.#
##...###.###.##..##.#
#<....##.# #.#......#
##.......###.#......#
#######.................#
........####.###.#.....##
#######.# #.# #.#.....#
##รท## #.###J##.####
##...###....@...#
##.....######.####
#.......##.......#
#.........#.##....#
+.....)...'.......#
#.........#.##....#
##.......##.##..#.#
##.....###.###.#.#
##...## #.# .#.#


You could see a jelly.

Vanquished Creatures
  Eustachio (D:4)
  An ice beast (D:4)
  A phantom (D:4)
  An ogre (D:4)
  A crimson imp (D:3)
  A hound (D:5)
  A centaur skeleton (D:4)
  Terence (D:2)
  2 worker ants (D:4)
  An iguana (D:5)
  2 orc wizards
  Robin (D:3)
  A howler monkey skeleton (D:4)
  5 adders
  An ooze (D:2)
  5 worms
  3 dart slugs
  3 leopard geckos
  5 orcs
  3 bats
  9 giant cockroaches
  18 goblins
  10 hobgoblins
  6 jackals
  A quokka (D:4)
  2 ball pythons
  5 frilled lizards
  13 kobolds
  A quokka skeleton (D:4)
  13 rats
118 creatures vanquished.

Vanquished Creatures (collateral kills)
  A worm (D:2)
  A goblin (D:2)
  A hobgoblin (D:2)
  A frilled lizard (D:4)
4 creatures vanquished.

Vanquished Creatures (others)
  An iguana (D:5)
  An adder (D:5)
  A dart slug (D:5)
  A leopard gecko (D:5)
  A giant cockroach (D:5)
5 creatures vanquished.

Grand Total: 127 creatures vanquished

Notes
Turn   | Place    | Note
-------+----------+-------------------------------------------
     0 | D:1      | HAL9000 the Draconian Transmuter began the quest for the
                  | Orb.
     0 | D:1      | Reached XP level 1. HP: 16/16 MP: 3/3
   105 | D:1      | Reached XP level 2. HP: 21/23 MP: 5/5
   252 | D:1      | Learned a level 2 spell: Sticks to Snakes
   598 | D:1      | Reached XP level 3. HP: 22/28 MP: 4/6
   672 | D:2      | Learned a level 3 spell: Spider Form
   758 | D:2      | Noticed Terence
   814 | D:2      | Killed Terence
   814 | D:2      | Reached skill level 3 in Transmutations
   815 | D:2      | Reached XP level 4. HP: 21/35 MP: 1/7
   976 | D:2      | Found an iron altar of Okawaru.
  1764 | D:3      | Noticed Robin
  1787 | D:2      | HP: 1/35 [goblin/+0 dagger[Robin] (8)]
  1795 | D:2      | HP: 1/35 [hobgoblin[Robin] (1)]
  2415 | D:3      | Killed Robin
  2506 | D:3      | Reached XP level 5. HP: 39/40 MP: 8/8
  2532 | D:3      | Reached skill level 5 in Unarmed Combat
  2551 | D:3      | Found a runed translucent door.
  2556 | D:3      | Noticed alpinistek's ghost (weakling DsFE)
  2568 | D:3      | Found a blossoming altar of Fedhas.
  2632 | D:3      | Reached skill level 4 in Transmutations
  3487 | D:4      | Noticed Eustachio
  3500 | D:4      | Reached XP level 6. HP: 27/47 MP: 2/9
  3510 | D:4      | Killed Eustachio
  3510 | D:4      | Reached skill level 5 in Transmutations
  3739 | D:4      | Reached skill level 6 in Transmutations
  3877 | D:4      | Your scales start taking on an icy white colour.
  3877 | D:4      | Reached XP level 7. HP: 11/52 MP: 5/10
  3877 | D:4      | Gained mutation: Your flesh is cold resistant. (rC+) [White
                  | Draconian growth]
  4189 | D:4      | Reached skill level 7 in Transmutations
  4996 | D:5      | Entered Level 5 of the Dungeon
  5082 | D:5      | Splashed by a jelly's acid

Levels and vault maps discovered:
D:1:      saegor_arrival_simple_e, layout_rooms
D:2:      layout_basic, okawaru_gym_becter, uniq_terence
D:3:      minmay_general_purpose_star, layout_loops_ring, portal_sewer_entry_a,
          first_ration, hellmonk_ghost_happy_afterlife, fedhas_altar_3,
          uniq_robin
D:4:      minmay_chambers_of_twos, layout_loops_ring, uniq_eustachio
D:5:      layout_loops_corners, xom_confusion_cloud

Skill      XL: |  1  2  3  4  5  6  7 |
---------------+----------------------+-----
Unarmed Combat | 4 5 |  5.0
Transmutations | 3 4 6 7 |  7.8
Fighting       | |  1.1
Dodging        | |  1.7
Spellcasting   | |  2.0

Action                   |  1- 3 |  4- 6 |  7- 9 || total
-------------------------+-------+-------+-------++-------
Melee: Unarmed           |    82 |   266 |    78 ||   426
       Headbutt          |     4 |     4 |       ||     8
       Tailslap          |     3 |    19 |     3 ||    25
       Kick              |     6 |     4 |       ||    10
       Punch             |     1 |     4 |     3 ||     8
       Morningstar       |       |     1 |       ||     1
 Cast: Beastly Appendage |    10 |    13 |       ||    23
       Spider Form       |     1 |    10 |     4 ||    15
       Sticks to Snakes  |       |     6 |       ||     6
  Use: Scroll            |       |     4 |       ||     4
 Stab: Distracted        |       |     1 |       ||     1
       Sleeping          |       |       |     2 ||     2
  Eat: Chunk             |       |    12 |     2 ||    14
       Ration            |       |       |     1 ||     1
Armor: Skin              |    25 |    80 |    10 ||   115
Dodge: Dodged            |    66 |   226 |    52 ||   344

Table legend:
 A = Non-vault XP
 B = Vault XP
 C = Vault XP percentage of total XP
 D = Non-vault monster count
 E = Vault monster count
 F = Vault count percentage of total count
                 A         B        C        D         E       F
            +---------+---------+-------+---------+---------+-------
      Total |     818 |     336 |  29.1 |      94 |      28 |  23.0
            +---------+---------+-------+---------+---------+-------
        D:1 |      42 |       0 |   0.0 |      25 |       0 |   0.0
        D:2 |      76 |      50 |  39.7 |      28 |       9 |  24.3
        D:3 |     149 |      60 |  28.7 |      22 |      14 |  38.9
        D:4 |     473 |     226 |  32.3 |      16 |       5 |  23.8
        D:5 |      78 |       0 |   0.0 |       3 |       0 |   0.0
            +---------+---------+-------+---------+---------+-------
